 Dungeon Crawl Stone Soup version 0.30-a0-358-g0d69a1922f (webtiles) character file.

Game seed: 13797747219517467830

1345 koil the Vexing (level 8, -6/58 HPs)
             Began as a Vampire Enchanter on Nov 10, 2022.
             Mangled by Edmund
             ... wielding a +1 dire flail of holy wrath
              (7 damage)
             ... on level 5 of the Dungeon.
             The game lasted 00:20:18 (3703 turns).

koil the Vexing (Vampire Enchanter)                 Turns: 3703, Time: 00:20:18

Health: -6/58      AC:  4    Str: 11    XL:     8   Next: 36%
Magic:  14/14      EV: 13    Int: 27    God:
Gold:   253        SH:  0    Dex: 15    Spells: 10/15 levels left

rFire   . . .      SeeInvis +    b - +7 dire flail (flame)
rCold   + . .      Faith    .    (shield currently unavailable)
rNeg    . . .      Spirit   .    f - +0 leather armour
rPois   .          Reflect  .    (no helmet)
rElec   .          Harm     .    n - scarf {repulsion}
rCorr   +          Rampage  .    (no gloves)
Will    .....                    q - +0 pair of boots
Stlth   +++.......               (no amulet)
HPRegen 0.49/turn                u - ring "Senweusk" {rC+ rCorr Str+4 Int+2 SInv}
MPRegen 0.14/turn                p - +6 ring of intelligence

@: healing quickly, studying Maces & Flails, invisible, repel missiles
A: alive, fangs 3, see invisible, vampiric 2
a: Exsanguinate


You were on level 5 of the Dungeon.
You visited 1 branch of the dungeon, and saw 5 of its levels.
You also visited: Ossuary.

You collected 253 gold pieces.

Inventory:

Hand Weapons
 a - a +0 short sword of venom
 b - a +7 dire flail of flaming (weapon)
 l - a +1 dagger
 x - a +4 spear
 H - a +0 dagger of protection
Missiles
 j - 3 poisoned darts (quivered)
Armour
 f - a +0 leather armour (worn)
 n - a scarf of repulsion (worn)
 q - a +0 pair of boots (worn)
 I - a +0 robe
Magical Staves
 G - a staff of air
Jewellery
 d - a ring of resist corrosion
 m - a ring of flight
 p - a +6 ring of intelligence (right hand)
 u - the ring "Senweusk" (left hand) {rC+ rCorr Str+4 Int+2 SInv}
   (You found it on level 3 of the Dungeon)

   [ring of resist corrosion]

   Str:       It affects your strength (+4).
   Int:       It affects your intelligence (+2).
   rC:        It protects you from cold.
   SInv:      It lets you see invisible.
   rCorr:     It protects you from acid and corrosion.
 B - a ring of willpower
Wands
 w - a wand of iceblast (4)
Scrolls
 e - 3 scrolls of teleportation
 g - a scroll of fear
 i - a scroll of enchant weapon
 t - a scroll of brand weapon
 v - 2 scrolls of amnesia
 F - a scroll of summoning
Potions
 c - a potion of invisibility
 h - 5 potions of mutation {unknown}
 k - a potion of brilliance
 r - 2 potions of heal wounds {unknown}
 s - 3 potions of curing {unknown}
 z - 3 potions of attraction {unknown}
 A - a potion of haste
 C - 2 potions of lignification
 D - 2 potions of ambrosia
 E - a potion of flight


   Skills:
 + Level 3.5 Fighting
 - Level 4.2 Short Blades
 + Level 1.3 Maces & Flails
 + Level 1.0 Armour
 + Level 5.0 Dodging
 - Level 7.3 Stealth
 + Level 4.2 Spellcasting
 + Level 7.5 Hexes


You had 10 spell levels left.
You knew the following spells:

 Your Spells              Type           Power      Damage    Failure   Level
a - Ensorcelled Hibernat  Hex/Ice        52%        N/A       3%          2
b - Confusing Touch       Hex            46%        N/A       1%          3

Your spell library contained the following spells:

 Spells                   Type           Power      Damage    Failure   Level
 Tukima's Dance           Hex            46%        N/A       1%          3
 Dazzling Flash           Conj/Hex       52%        N/A       6%          3


Dungeon Overview and Level Annotations

Branches:
Dungeon (5/15)            Ossuary (visited)
 Temple: D:4-7

Altars:
Trog

Annotations:
D:5 Edmund


Innate Abilities, Weirdness & Mutations

Your natural rate of healing is accelerated.
You have razor-sharp teeth.
You have supernaturally acute eyesight. (SInv)
You are afflicted with vampirism and can become a bat while bloodless.


Message History

You kill the scorpion!
You feel very sick.
Edmund opens the door.
Your Armour skill increases to level 1!
Your Dodging skill increases to level 5!
You are too injured to fight recklessly!
You feel sick.
You feel sick.
An adder comes into view.
You feel sick.
A phantom comes into view.
There is an open door here.
An adder comes into view.
Found 14 gold pieces.
You feel sick.
Found a puce potion.
You feel sick.
A scorpion comes into view.
You feel sick.
You feel sick.
The adder hisses angrily.
You hit the adder. You burn the adder.
The adder is moderately wounded.
You feel sick.
You are no longer poisoned.
The adder completely misses you. The adder bites you but does no damage.
The adder bites you. Edmund attacks as you move away!
Edmund hits you with a +1 dire flail of holy wrath!
You convulse.
The adder attacks as you move away! The adder closely misses you.
An iguana comes into view.
The adder barely misses you.
Edmund hits you with a +1 dire flail of holy wrath.
* * * LOW HITPOINT WARNING * * *
You convulse.
* * * LOW HITPOINT WARNING * * *
You fade into invisibility!
The adder barely misses you.
Edmund hits you with a +1 dire flail of holy wrath!
* * * LOW HITPOINT WARNING * * *
You convulse!
You die...

#.......#...# #......
#...# #.....##...#
#...##...##.#
'#######'##...###.#
..............# ..
............#.##.#
$.W........S@S.#.#######
+#######'####@.....l....
##...###.....##....
##†....##...#.....>.
#.......#.....#.....
#.(.....#...........
#...[...#...........
##.....##.....##### ##
####...##..###.## .####
#..##########...######.


You could see Edmund (unable to see you), an iguana (wandering, unable to see
you) and 2 adders.

Vanquished Creatures
  Duvessa (D:4)
  An ogre (D:4)
  Blork the orc (D:4)
  A necrophage (D:5)
  9 scorpions
  Dowan (D:4)
  3 centaur zombies (Ossuary)
  A hound (D:5)
  A human zombie (Ossuary)
  2 iguanas
  3 scorpion zombies (Ossuary)
  3 mummies (Ossuary)
  6 adders
  A worm (D:2)
  4 dart slugs
  4 orcs
  3 ball pythons
  5 bats
  5 endoplasms
  2 giant cockroaches
  3 gnoll zombies (Ossuary)
  5 goblins
  3 hobgoblins
  2 jackals (D:1)
  6 kobolds
  2 quokkas
  2 goblin zombies (Ossuary)
  3 hobgoblin zombies (Ossuary)
  2 orc zombies (Ossuary)
  3 rats
88 creatures vanquished.

Notes
Turn   | Place    | Note
-------+----------+-------------------------------------------
     0 | D:1      | koil the Vampire Enchanter began the quest for the Orb.
     0 | D:1      | Reached XP level 1. HP: 13/13 MP: 3/3
   147 | D:1      | Reached XP level 2. HP: 19/19 MP: 5/5
   174 | D:1      | You fall into a shaft and drop 1 floor!
   422 | D:1      | Gained mutation: You are afflicted with vampirism and can
                  | become a bat while bloodless. [Vampire growth]
   422 | D:1      | Reached XP level 3. HP: 19/25 MP: 6/6
   685 | D:2      | Learned a level 2 spell: Ensorcelled Hibernation
   689 | D:2      | Learned a level 3 spell: Confusing Touch
   840 | D:2      | Reached skill level 1 in Fighting
   862 | D:2      | Reached skill level 5 in Stealth
   862 | D:2      | Reached skill level 5 in Hexes
   862 | D:2      | Reached XP level 4. HP: 29/32 MP: 4/7
  1420 | D:3      | Identified the ring "Senweusk" {rC+ rCorr Str+4 Int+2 SInv}
  1460 | D:3      | Reached XP level 5. HP: 35/37 MP: 8/8
  1797 | D:3      | Found a faded altar of an unknown god.
  1935 | D:4      | Noticed an ogre
  1949 | D:4      | Killed an ogre
  2083 | D:4      | Found a sand-covered staircase.
  2088 | Ossuary  | Entered an ossuary
  2123 | Ossuary  | Reached XP level 6. HP: 28/44 MP: 2/10
  2438 | Ossuary  | Reached XP level 7. HP: 51/51 MP: 8/12
  3059 | D:4      | Noticed Duvessa
  3092 | D:4      | Noticed Dowan
  3102 | D:4      | Killed Duvessa
  3103 | D:4      | Reached XP level 8. HP: 53/58 MP: 10/13
  3119 | D:4      | Killed Dowan
  3173 | D:4      | Noticed Blork the orc
  3194 | D:4      | Killed Blork the orc
  3251 | D:4      | Found a bloodstained altar of Trog.
  3491 | D:5      | Entered Level 5 of the Dungeon
  3670 | D:5      | Reached skill level 1 in Maces & Flails
  3690 | D:5      | Reached skill level 1 in Armour
  3690 | D:5      | Reached skill level 5 in Dodging
  3690 | D:5      | Noticed Edmund
  3702 | D:5      | HP: 8/58 [Edmund/+1 dire flail of holy wrath (6)]
  3703 | D:5      | HP: 1/58 [Edmund/+1 dire flail of holy wrath (7)]
  3703 | D:5      | Mangled by Edmund

Illustrated notes

Levels and vault maps discovered:
D:1:      ncdulo_wetmaze, layout_rooms
D:2:      layout_rooms, minmay_misc_feat_room, st_stairs_10,
          ebering_dispersal_statue_hall, chequers_serial_rivers_marsh
D:3:      layout_basic, shapermc_ecumenical_altar_pompeii, skrybe_limestone_x
D:4:      layout_basic, lemuel_round_altar, nicolae_ossuary_entry_plus,
          supply_closet_lemuel, uniq_duvessa, uniq_blork_the_orc
D:5:      kennysheep_six_static_rooms, layout_rooms,
          lemuel_coloured_pillars_altar, uniq_edmund, uniq_eustachio, uniq_pikel

Skill      XL: |  1  2  3  4  5  6  7  8 |
---------------+-------------------------+-----
Fighting       | 1 2 3 |  3.5
Stealth        | 5 6 7 |  7.3
Hexes          | 5 6 7 |  7.5
Short Blades   | 2 3 4 |  4.2
Dodging        | 3 4 5 |  5.0
Spellcasting   | 3 4 |  4.2
Maces & Flails | 1 |  1.3
Armour         | 1 |  1.0

Action                   |  1- 3 |  4- 6 |  7- 9 || total
-------------------------+-------+-------+-------++-------
Melee: Dagger            |    11 |       |       ||    11
       Bite              |     3 |    22 |    19 ||    44
       Short sword       |    49 |   129 |   104 ||   282
       Punch             |       |     3 |     2 ||     5
       Dire flail        |       |       |    23 ||    23
Throw: Dart              |       |       |     1 ||     1
 Cast: Ensorcelled Hiber |     1 |     6 |     5 ||    12
       Confusing Touch   |     1 |     6 |     8 ||    15
  Use: Scroll            |       |       |    14 ||    14
       Potion            |       |       |     1 ||     1
 Stab: Sleeping          |     6 |    14 |     3 ||    23
       Confused          |     1 |     5 |     9 ||    15
Armor: Robe              |    12 |    17 |    10 ||    39
       Leather armour    |       |       |     5 ||     5
Dodge: Dodged            |    37 |    73 |    69 ||   179

Table legend: (Time is in decaauts)
 A = Elapsed time spent in this place.
 B = Non-inter-level travel time spent in this place.
 C = Inter-level travel time spent in this place.
 D = Time resting spent in this place.
 E = Time spent auto-exploring this place.
 F = Levels seen in this place.
 G = Mean time per level.
                   A        B        C        D        E       F      G
               +--------+--------+--------+--------+--------+-----+--------+
         Total |   3669 |   3560 |    109 |    262 |   2223 |   6 |  611.5 |
       Dungeon |   2979 |   2870 |    109 |    136 |   2037 |   5 |  595.8 |
       Ossuary |    690 |    690 |      0 |    126 |    186 |   1 |  690.0 |
               +--------+--------+--------+--------+--------+-----+--------+

Top non-repeatable levels by time:
     D:4: 869 daAuts
     D:3: 836 daAuts
 Ossuary: 690 daAuts
     D:2: 550 daAuts
     D:1: 508 daAuts
     D:5: 214 daAuts
